 Dungeon Crawl Stone Soup version 0.30-a0-385-gfebfb9b408 (webtiles) character file.

Game seed: 10786255832467635360

102 tio the Grave Robber (level 4, -10/30 HPs)
             Began as a Demonspawn Necromancer on Dec 2, 2022.
             Mangled by an ice beast (14 damage)
             ... on level 3 of the Dungeon.
             The game lasted 00:09:46 (2320 turns).

tio the Grave Robber (Demonspawn Necromancer)       Turns: 2320, Time: 00:09:47

Health: -10/30     AC:  6    Str:  8    XL:     4   Next: 49%
Magic:  2/8        EV: 10    Int: 18    God:
Gold:   124        SH:  0    Dex: 20    Spells: 8/9 levels left

rFire   + . .      SeeInvis .    d - +0 falchion
rCold   . . .      Faith    .    (no shield)
rNeg    . . .      Spirit   .    l - +0 ring mail
rPois   .          Reflect  .    c - +0 helmet
rElec   .          Harm     .    (no cloak)
rCorr   .          Rampage  .    (no gloves)
Will    .....                    (no boots)
Stlth   ++........               s - amulet of the acrobat
HPRegen 0.25/turn                k - ring of protection from fire
MPRegen 0.11/turn                b - +6 ring of dexterity

@: very slightly contaminated
A: powered by death 2
a: no special abilities


You were on level 3 of the Dungeon.
You visited 1 branch of the dungeon, and saw 3 of its levels.

You collected 124 gold pieces.

Inventory:

Hand Weapons
 d - a +0 falchion (weapon)
 n - a +6 club
Armour
 a - a +0 robe
 c - a +0 helmet (worn)
 l - a +0 ring mail (worn)
Jewellery
 b - a +6 ring of dexterity (right hand)
 k - a ring of protection from fire (left hand)
 s - an amulet of the acrobat (around neck)
Scrolls
 e - 3 scrolls of fear
 r - a scroll of identify
Potions
 f - a potion of lignification {unknown}
 g - a potion of brilliance {unknown}
 h - a potion of invisibility {unknown}
 i - a potion of mutation
 j - 2 potions of curing {unknown}
 m - a potion of degeneration {unknown}
 o - a potion of flight {unknown}
 p - a potion of haste {unknown}
 q - a potion of heal wounds {unknown}


   Skills:
 + Level 0.3 Armour
 + Level 1.9 Dodging
 + Level 1.8 Stealth
 + Level 3.0 Spellcasting
 + Level 5.8 Necromancy


You had 8 spell levels left.
You knew the following spells:

 Your Spells              Type           Power      Damage    Failure   Level
a - Necrotise             Necr           92%        1d8       4%          1

Your spell library contained the following spells:

 Spells                   Type           Power      Damage    Failure   Level
 Vampiric Draining        Necr           23%        2d7       14%         3
 Animate Dead             Necr           23%        N/A       43%         4
 Agony                    Necr           23%        N/A       78%         5


Dungeon Overview and Level Annotations

Branches:
Dungeon (3/15)

Altars:


Innate Abilities, Weirdness & Mutations

You regenerate health from kills.


Message History

You kill the frilled lizard!
The dead are walking!
You see here 4 stones.
r - a scroll of identify
s - an amulet of the acrobat You start putting on your amulet.
You continue putting on your amulet of the acrobat. x5
You finish putting on your amulet of the acrobat.
You feel ready to tumble and roll out of harm's way.
s - an amulet of the acrobat (around neck)
Found a stone staircase leading down.
Your frilled lizard skeleton crumbles into dust!
An ice beast comes into view.
An ice beast is nearby!
An ice beast is nearby!
The ice beast writhes in agony!
The ice beast writhes in agony.
You miscast Necrotise.
You are very lightly contaminated with residual magic.
Nothing appears to happen.
The ice beast writhes in agony.
The ice beast hits you but does no damage.
The ice beast writhes in agony.
The ice beast barely misses you.
The ice beast barely resists.
The ice beast hits you but does no damage.
The ice beast writhes in agony.
The ice beast hits you. The ice beast freezes you!
You are too injured to fight recklessly!
You are too injured to fight recklessly!
You are too injured to fight recklessly!
You barely miss the ice beast.
The ice beast is severely wounded.
The ice beast hits you. The ice beast freezes you.
* * * LOW HITPOINT WARNING * * *
You hit the ice beast.
The ice beast is severely wounded.
The ice beast hits you.
* * * LOW HITPOINT WARNING * * *
The ice beast freezes you!
You die...

............#
#...........# ..
.###...........# #..
...>...........##...
#####..#...............
##...#...#........#.....
#.........#..........#
...........##....^..#
..............#.@...#
............####Y#..#
#.........### #.# ..#
.........## ... ...
(....##### .... ..#
..#..# ...... .#
###..... ....... .
##......# .........
......###


You could see an ice beast.

Vanquished Creatures
  Jessica (D:2)
  Terence (D:3)
  2 adders (D:2)
  A dart slug (D:2)
  7 bats
  An endoplasm (D:1)
  2 goblins
  7 hobgoblins
  3 quokkas (D:1)
  2 ball pythons
  3 frilled lizards
  A rat (D:1)
31 creatures vanquished.

Vanquished Creatures (collateral kills)
  A rat (D:2)
1 creature vanquished.

Grand Total: 32 creatures vanquished

Notes
Turn   | Place    | Note
-------+----------+-------------------------------------------
     0 | D:1      | tio the Demonspawn Necromancer began the quest for the Orb.
     0 | D:1      | Reached XP level 1. HP: 13/13 MP: 3/3
   414 | D:1      | Gained mutation: You regenerate a little health from kills.
                  | [demonic ancestry]
   414 | D:1      | Reached XP level 2. HP: 19/19 MP: 3/5
   615 | D:1      | Reached skill level 5 in Necromancy
  1235 | D:2      | Gained mutation: You regenerate health from kills. [demonic
                  | ancestry]
  1235 | D:2      | Reached XP level 3. HP: 24/24 MP: 3/6
  1284 | D:2      | Noticed Jessica
  1299 | D:2      | Killed Jessica
  1356 | D:2      | Found a faded altar of an unknown god.
  1685 | D:2      | Reached XP level 4. HP: 30/30 MP: 4/8
  2143 | D:3      | Noticed Terence
  2162 | D:3      | Killed Terence
  2311 | D:3      | Noticed an ice beast
  2320 | D:3      | Mangled by an ice beast

Illustrated notes

Levels and vault maps discovered:
D:1:      ncdulo_lavacross, layout_loops_ring
D:2:      layout_basic, nicolae_ecumenical_oubliette, uniq_jessica
D:3:      layout_rooms, uniq_sigmund, uniq_crazy_yiuf_cottage, uniq_terence

Skill      XL: |  1  2  3  4 |
---------------+-------------+-----
Necromancy     | 5 |  5.8
Spellcasting   | 3 |  3.0
Armour         | |  0.3
Dodging        | |  1.9
Stealth        | |  1.8

Action                   |  1- 3 |  4- 6 || total
-------------------------+-------+-------++-------
Melee: Falchion          |     2 |     2 ||     4
       Club              |       |     4 ||     4
 Cast: Necrotise         |    46 |    23 ||    69
  Use: Scroll            |     4 |     2 ||     6
       Potion            |       |     1 ||     1
Armor: Ring mail         |     3 |     6 ||     9
Dodge: Dodged            |     6 |     7 ||    13

Table legend: (Time is in decaauts)
 A = Elapsed time spent in this place.
 B = Non-inter-level travel time spent in this place.
 C = Inter-level travel time spent in this place.
 D = Time resting spent in this place.
 E = Time spent auto-exploring this place.
 F = Levels seen in this place.
 G = Mean time per level.
                   A        B        C        D        E       F      G
               +--------+--------+--------+--------+--------+-----+--------+
         Total |   2321 |   1999 |    322 |      0 |   1757 |   3 |  773.7 |
       Dungeon |   2321 |   1999 |    322 |      0 |   1757 |   3 |  773.7 |
               +--------+--------+--------+--------+--------+-----+--------+

Top non-repeatable levels by time:
     D:2: 1062 daAuts
     D:1: 1059 daAuts
     D:3: 199 daAuts
